 Dungeon Crawl Stone Soup version 0.28.0-1-gb440e238dd (webtiles) character file.

Game seed: 9880386525167830197

33 Kaptain the Insei (level 3, -3/24 HPs)
             Began as an Octopode Transmuter on Feb 23, 2022.
             Slain by Terence (21 damage)
             ... on level 2 of the Dungeon.
             The game lasted 00:03:39 (1670 turns).

Kaptain the Insei (Octopode Transmuter)             Turns: 1670, Time: 00:03:40

Health: -3/24      AC:  1    Str:  9    XL:     3   Next: 29%
Magic:  6/6        EV: 13    Int: 17    God:
Gold:   68         SH:  0    Dex: 12    Spells: 3/6 levels left

rFire   . . .      SeeInvis .     - Unarmed
rCold   . . .      Faith    .   (no shield)
rNeg    . . .      Spirit   .   (helmet restricted)
rPois   .          Reflect  .   (no amulet)
rElec   .          Harm     .   (no ring)
rCorr   .          Rampage  .   (no ring)
Will    .....                   (no ring)
Stlth   ++........              (no ring)
HPRegen 0.08/turn               (no ring)
MPRegen 0.10/turn               (no ring)
                                (no ring)
                                (no ring)

@: no status effects
A: almost no armour, amphibious, 8 rings, camouflage 1, gelatinous body 1,
(nimble swimmer 1), tentacles
a: no special abilities


You were on level 2 of the Dungeon.
You visited 1 branch of the dungeon, and saw 2 of its levels.

You collected 68 gold pieces.

Inventory:

Hand Weapons
 f - a +0 short sword
Missiles
 g - 52 stones
 h - 12 sling bullets
 i - 2 poisoned darts (quivered)
Scrolls
 e - a scroll of noise {unknown}
 j - a scroll of teleportation {unknown}
Potions
 a - a potion of flight {unknown}
 b - a potion of curing {unknown}
 c - 2 potions of heal wounds {unknown}
 d - a potion of haste {unknown}


   Skills:
 * Level 1.7 Fighting
 + Level 2.2 Dodging
 - Level 3.0 Unarmed Combat
 * Level 2.3 Spellcasting
 * Level 2.6 Transmutations


You had 3 spell levels left.
You knew the following spells:

 Your Spells              Type           Power      Damage    Failure   Level
a - Beastly Appendage     Tmut           20%        N/A       6%          1
b - Wereblood             Tmut           10%        N/A       10%         2

Your spell library contained the following spells:

 Spells                   Type           Power      Damage    Failure   Level
 Spider Form              Tmut/Pois      6%         N/A       32%         3
 Ice Form                 Ice/Tmut       6%         N/A       73%         4


Dungeon Overview and Level Annotations

Branches:
Dungeon (2/15)

Altars:
Xom

Annotations:
D:2 Terence


Innate Abilities, Weirdness & Mutations

You cannot wear most types of armour.
You are amphibious.
You can wear up to eight rings at the same time.
Your skin changes colour to match your surroundings (Stealth+).
Your rubbery body absorbs attacks. (AC +1, EV +1)
((You are camouflaged when in or above water. (Stealth+)))
You have tentacles for arms and can constrict up to eight enemies at once.


Message History

g - 29 stones (gained 20)
A hobgoblin comes into view.
Found a lumpy puce potion.
The hobgoblin shouts!
Found a shimmering altar of Xom.
Casting: Beastly Appendage (safe; 6% risk of failure)
Confirm with . or Enter, or press ? or * to list all spells.
One of your tentacles grows a vicious spike.
Unknown command.
You tentacle-slap the hobgoblin. You grab the hobgoblin.
Your tentacle spike misses the hobgoblin.
You squeeze the hobgoblin.
The hobgoblin is severely wounded.
You constrict the hobgoblin. The hobgoblin hits you.
You tentacle-slap the hobgoblin but do no damage.
You pierce the hobgoblin.
You kill the hobgoblin!
You see here 2 poisoned darts.
i - 2 poisoned darts Unknown command.
Magic restored.
Your transformation is almost over.
HP restored.
There is an escape hatch in the floor here.
Your tentacle spike disappears.
c - 2 lumpy puce potions (gained 1)
j - a scroll labelled BEGYHE WEUGOE
g - 52 stones (gained 23)
You now have 59 gold pieces (gained 11).
You now have 68 gold pieces (gained 9).
Terence the Incautious comes into view.
He is wielding a +4 trident of distortion.
Found 11 gold pieces.
Found 8 gold pieces.
Found 13 gold pieces.
Found 22 sling bullets.
Terence shouts!
You hear an angry hiss.
Terence hits you from afar with a +4 trident of distortion.
Space warps horribly around you!!
Ouch! That really hurt!
You die...

............#
..#.........### ..
..#...........# ...
#...........#####..#
#.##...............#
#......####.........#
#......####..........
....................
.#..........@.....$.
#...........?......
.........@......
##............#+
#..............
....$...........
.......$........
.........(.....


You could see Terence.

Vanquished Creatures
  2 endoplasms (D:1)
  A giant cockroach (D:1)
  3 hobgoblins
  8 jackals (D:1)
  A quokka (D:1)
  4 ball pythons (D:1)
  4 bats (D:1)
  3 kobolds (D:1)
  3 rats (D:1)
29 creatures vanquished.

Notes
Turn   | Place    | Note
-------+----------+-------------------------------------------
     0 | D:1      | Kaptain the Octopode Transmuter began the quest for the
                  | Orb.
     0 | D:1      | Reached XP level 1. HP: 13/13 MP: 3/3
   112 | D:1      | Reached XP level 2. HP: 4/18 MP: 3/5
  1084 | D:1      | Reached XP level 3. HP: 20/23 MP: 6/6
  1087 | D:1      | Learned a level 2 spell: Wereblood
  1598 | D:2      | Found a shimmering altar of Xom.
  1665 | D:2      | Noticed Terence
  1670 | D:2      | Slain by Terence

Illustrated notes

Levels and vault maps discovered:
D:1:      beargit_arrival_diablo_church, layout_basic
D:2:      layout_basic, basic_altar, grunt_ministairs_14, minmay_misc_feat_x,
          uniq_robin, uniq_terence

Action                   || total
-------------------------++-------
Melee: Unarmed           ||    56
       Kick              ||    19
       Constrict         ||    19
       Tentacles         ||    11
       Punch             ||     2
 Cast: Beastly Appendage ||    18
       Wereblood         ||     1
 Stab: Sleeping          ||     3
Armor: Skin              ||     8
Dodge: Dodged            ||    47
